 Dungeon Crawl Stone Soup version 0.19.1-1-g22dce08 (webtiles) character file.

56583 sveltemanboy the Impaler (level 14, -1/127 HPs)
             Began as a Purple Draconian Summoner on Jan 14, 2017.
             Was the Champion of Ashenzari.
             Slain by a rust devil (5 damage)
             ... summoned by an orc high priest
             ... on level 2 of the Orcish Mines on Jan 15, 2017.
             The game lasted 01:27:37 (30857 turns).

sveltemanboy the Impaler (DrSu)                    Turns: 30857, Time: 01:27:39

Health: -1/127     AC:  9    Str: 15      XL:     14   Next: 42%
Magic:  21/21      EV: 20    Int: 20 (22) God:    Ashenzari [******]
Gold:   1170       SH:  0    Dex: 11      Spells: 4 memorised, 9 levels left

rFire  + . .     SeeInvis +     G - +0 halberd (flame) (curse)
rCold  . . .     Gourm    .     (armour unavailable)
rNeg   . . .     Faith    +     (shield currently unavailable)
rPois  .         Spirit   .     (helmet restricted)
rElec  .         Reflect  .     j - +0 cloak (curse)
rCorr  .         Harm     .     K - +0 pair of gloves {Str+3} (curse)
MR     ++...     Clarity  +     H - +1 pair of boots (curse)
Stlth  ++........               x - amulet of faith (curse)
                                v - +3 ring of evasion (curse)
                                O - +5 ring of protection

@: corroded, slowed, very slow
A: breathe power, unfitting armour, stinger 1, fire resistance 1, sense
surroundings 1, robust 1, strong 1, wild magic 1, cold-blooded, AC +8
a: Breathe Dispelling Energy, Curse Item, Scrying, Transfer Knowledge, Renounce
Religion


You were on level 2 of the Orcish Mines.
You worshipped Ashenzari.
Ashenzari was exalted by your worship.
You were not hungry.

You visited 4 branches of the dungeon, and saw 20 of its levels.
You also visited: Labyrinth and Bailey.

You collected 1919 gold pieces.
You spent 749 gold pieces at shops.

Inventory:

Hand Weapons
 q - a +0 glaive
 G - a cursed +0 halberd of flaming (weapon)
Armour
 j - a cursed +0 cloak (worn)
 H - a cursed +1 pair of boots (worn)
 K - a cursed +0 pair of gloves of strength (worn)
Jewellery
 v - a cursed +3 ring of evasion (right hand)
 x - a cursed amulet of faith (around neck)
 E - an uncursed amulet of magic regeneration
 F - the ring of Myabrid {+Blink rF+ Str+3 SInv}
   (You found it on level 2 of the Orcish Mines)

   [ring of protection from fire]

   It affects your strength (+3).
   It protects you from fire.
   It lets you see invisible.
   It lets you blink.
 J - an uncursed ring of resist corrosion
 O - a +5 ring of protection (left hand)
 Q - an uncursed ring of protection from cold
Wands
 g - a wand of lightning (5/15)
 i - a wand of iceblast (7/15)
 k - a wand of confusion (11/48)
 n - a wand of digging (4/24)
 p - a wand of iceblast (11/15)
 B - a wand of confusion (39/48)
 I - a wand of flame (13/48)
 L - a wand of lightning (6/15)
 M - a wand of disintegration (14/24)
Scrolls
 a - 4 scrolls of enchant weapon
 h - 3 scrolls of teleportation
 l - 3 scrolls of identify
 t - 6 scrolls of fog
 u - a scroll of blinking
 y - 5 scrolls of fear
 z - 4 scrolls of enchant armour
 C - 2 scrolls of magic mapping
 R - a scroll of remove curse
Potions
 c - 3 potions of brilliance
 d - a potion of lignification
 e - 2 potions of magic
 m - a potion of invisibility
 w - a potion of curing
 N - a potion of cancellation
Books
 P - a Grand Grimoire

   Spells                             Type                      Level
   a - Monstrous Menagerie            Summoning                    7
   b - Summon Greater Demon           Summoning                    7
   c - Malign Gateway                 Summoning/Translocation      7
   d - Summon Horrible Things         Summoning                    8
Miscellaneous
 A - a box of beasts
Comestibles
 b - 12 bread rations
 f - 14 meat rations
 o - 2 slices of pizza
 s - 9 beef jerkies
 D - 16 royal jellies


   Skills:
 - Level 8.3 Fighting
 - Level 15.5(20.7) Polearms
 - Level 7.0(10.1) Dodging
 - Level 1.7(3.9) Stealth
 + Level 4.7 Spellcasting
 + Level 14.5(17.1) Summonings
 - Level 1.1(2.9) Ice Magic
 - Level 2.8(5.3) Air Magic
 + Level 8.5(11.5) Evocations


You had 9 spell levels left.
You knew the following spells:

 Your Spells              Type           Power        Failure   Level  Hunger
b - Call Imp              Summ           #######.     1%          2    #......
c - Call Canine Familiar  Summ           #######.     1%          3    ##.....
d - Summon Ice Beast      Ice/Summ       ######..     3%          4    ####...
e - Summon Lightning Spi  Summ/Air       ######..     2%          4    ####...


Dungeon Overview and Level Annotations

Branches:
Dungeon (11/15)            Temple (1/1) D:4            Lair (6/6) D:11
 Shoals (0/4) Lair:3        Snake (0/4) Lair:4        Slime (0/5) Lair:6
    Orc (2/2) D:11            Elf (0/3) Orc:2

Altars:
Ashenzari
Cheibriados
Dithmenos
Fedhas
Hepliaklqana
Kikubaaqudgha
Makhleb
Nemelex Xobeh
Okawaru
Qazlal
Trog
Uskayaw
Vehumet
Yredelemnul
Zin
Beogh
Jiyva

Shops:
D:5 !   D:8 !   Orc:2 !

Portals:
Trove: D:10 (give 9 potions of agility)

Annotations:
Lair:4 Rupert


Innate Abilities, Weirdness & Mutations

You can breathe bolts of dispelling energy.
Your rich purple scales are hard. (AC +8)
You cannot fit into any form of body armour.
You are cold-blooded and may be slowed by cold attacks.
Your tail ends in a poisonous barb.
Your flesh is heat resistant. (rF+)
You passively map a small area around you.
You are robust. (+10% HP)
Your muscles are strong. (Str +2)
Your spells are a little harder to cast, but a little more powerful.


Message History

The orange demon closely misses you. The rust devil closely misses you.
The ice devil misses you.
The orc high priest hits you but does no damage.
The orc priest closely misses you.
You hit the orc priest. You burn the orc priest.
You kill the orc priest!
Your warg bites the orc high priest!
The orange demon stings you from afar!
You are poisoned.
The orange demon poisons you! The rust devil hits you!
The rust devil corrodes you! The ice devil hits you!
* * * LOW HITPOINT WARNING * * *
The ice devil freezes you!
You feel yourself slow down.
* * * LOW HITPOINT WARNING * * *
You feel better.
Your warg bites the orc high priest!
The orc high priest hits you from afar with a glaive!
* * * LOW HITPOINT WARNING * * *
The orange demon stings you from afar.
* * * LOW HITPOINT WARNING * * *
The rust devil hits you.
You die...

*** * *#)........##### * ,,
* * *.......8.8...(...###
*{,,,, * *,
...........)).))...## , , {
, *,, ...##......(##))...)#
, {,{,,,{
,.###.......)(###..))[ { ,{
###.....8.8)))).###.)) , ,
,,, ##..............)..###.
, ,
##....)4.............### *
,
***#....o4@.#...#.....)..##
*,, *
*#.....4h.##8.8##.....)..#
** *
......####.....####......
,....##*##.......#####....
, ...# #.........# ##...
*,, ...** #..8._.8..# ##)..
,,o. #.........# #.... *
,,, ,, ##.......## #.... ,,
##.....## #....


You could see an orc high priest, an orange demon, an ice devil, a rust devil
and a friendly warg.

Vanquished Creatures
  An orc warlord (Orc:2)
  A hydra (Lair:2)
  2 catoblepae (Lair:6)
  A centaur warrior (D:11)
  10 death yaks (Lair:6)
  2 orc high priests (Orc:2)
  Sonja (D:10)
  3 skeletal warriors (D:11)
  A hill giant (D:10)
  An orc sorcerer (Orc:2)
  8 spiny frogs
  3 black mambas
  5 elephants
  4 komodo dragons
  A troll (Orc:2)
  Prince Ribbit (Lair:1)
  5 hippogriffs
  8 blink frogs
  A spriggan (Lair:2)
  26 yaks
  A wyvern (D:11)
  Sigmund (D:5)
  A basilisk (D:11)
  A steam dragon (D:10)
  3 hungry ghosts (Lab)
  2 nagas (Lair:4)
  3 wargs (Orc:2)
  6 water moccasins
  3 porcupines
  A hornet zombie (D:10)
  An ice beast (D:8)
  20 orc warriors
  A sky beast (D:7)
  2 black bears
  A phantom (D:9)
  An ogre (Orc:2)
  3 wolves (Lair:6)
  9 centaurs
  9 crocodiles
  A big kobold (D:10)
  3 gnoll sergeants (Bailey)
  10 bullfrogs
  3 scorpions
  21 killer bees
  A wight (D:8)
  3 lava snakes (Lab)
  A bullfrog zombie (D:5)
  2 centaur zombies
  2 crimson imps
  2 quasits
  11 orc priests
  3 gnoll shamans (Bailey)
  A jelly (D:10)
  A centaur skeleton (D:4)
  3 hounds
  3 bullfrog skeletons
  Natasha (twice) (D:4)
  4 iguanas
  13 orc wizards
  6 worker ants
  3 hell rats (Lair:5)
  A howler monkey zombie (D:7)
  A howler monkey skeleton (D:11)
  3 gnolls
  9 adders
  2 river rats
  2 oozes
  An adder skeleton (D:9)
  2 worms
  8 leopard geckos
  59 orcs
  6 giant cockroaches
  7 goblins
  A hobgoblin (D:3)
  10 jackals
  5 quokkas
  2 ball pythons
  7 bats
  4 frilled lizards
  7 kobolds
  12 rats
402 creatures vanquished.

Vanquished Creatures (collateral kills)
  An acid blob (Lair:6)
  A minotaur (Lab)
  3 hydras
  A catoblepas (Lair:6)
  8 death yaks
  An orc high priest (Orc:2)
  2 skeletal warriors (D:11)
  An orc sorcerer (Orc:2)
  An ugly thing (D:11)
  4 elephants
  3 black mambas
  A gargoyle (D:10)
  A centaur skeleton (D:10)
  4 spiny frogs
  2 komodo dragons (Lair:3)
  A queen bee (D:9)
  4 trolls
  Grinder (D:5)
  4 dream sheep (Lair:6)
  3 two-headed ogres
  A hornet (D:11)
  3 hippogriffs
  10 blink frogs
  A minotaur skeleton (Lab)
  A wyvern (D:8)
  Eustachio (D:5)
  14 yaks
  2 hungry ghosts (Lab)
  Menkaure (D:4)
  A warg (Orc:2)
  4 water moccasins
  A porcupine (Lair:3)
  15 orc warriors
  2 black bears
  2 phantoms
  A sky beast (D:8)
  An ice beast (D:8)
  A necrophage (D:10)
  8 ogres
  2 wolves (Lair:6)
  4 centaurs
  3 crocodiles (Lair:1)
  2 bullfrogs
  5 gnoll sergeants (Bailey)
  A water moccasin zombie (D:9)
  A wyvern skeleton (D:10)
  A scorpion (D:6)
  18 killer bees
  3 wights (D:8)
  A howler monkey (D:4)
  A lava snake (Lab)
  A quasit (D:8)
  4 hounds
  3 gnoll shamans (Bailey)
  12 orc priests
  9 orc wizards
  An iguana (D:6)
  Natasha (D:4)
  4 worker ants
  A worker ant zombie (D:7)
  14 gnolls
  A river rat (D:11)
  2 adders
  2 shadow imps
  2 worms (D:1)
  A dart slug (D:1)
  A leopard gecko (D:7)
  47 orcs
  2 ball pythons (D:1)
  2 giant cockroaches
  5 goblins
  2 hobgoblins (D:1)
  2 jackals (D:11)
  A quokka (D:8)
  5 bats
  2 frilled lizards
  4 kobolds
  4 rats
294 creatures vanquished.

Vanquished Creatures (others)
  62 fungi
  30 plants
92 creatures vanquished.

Grand Total: 788 creatures vanquished

Notes
Turn   | Place    | Note
-------+----------+-------------------------------------------
     0 | D:1      | sveltemanboy the Draconian Summoner began the quest for the Orb.
     0 | D:1      | Reached XP level 1. HP: 14/14 MP: 3/3
   532 | D:1      | Reached XP level 2. HP: 12/20 MP: 1/5
   669 | D:1      | Learned a level 2 spell: Call Imp
  2045 | D:2      | Reached skill level 5 in Summonings
  2060 | D:2      | Reached XP level 3. HP: 26/26 MP: 6/6
  2078 | D:2      | Found a faded altar of an unknown god.
  2165 | D:2      | Learned a level 3 spell: Call Canine Familiar
  2245 | D:2      | Reached skill level 1 in Polearms
  3053 | D:3      | Reached XP level 4. HP: 28/33 MP: 7/7
  3251 | D:3      | Reached skill level 2 in Polearms
  3518 | D:3      | Reached XP level 5. HP: 35/38 MP: 8/8
  3729 | D:4      | Noticed Natasha
  3744 | D:4      | Killed Natasha
  4092 | D:4      | Noticed Menkaure
  4106 | D:4      | Killed Menkaure
  4106 | D:4      | Reached skill level 3 in Polearms
  4123 | D:4      | Reached XP level 6. HP: 31/45 MP: 4/9
  4307 | D:4      | Reached skill level 4 in Polearms
  4412 | D:4      | Found a staircase to the Ecumenical Temple.
  4422 | Temple   | Entered the Ecumenical Temple
  4544 | Temple   | Became a worshipper of Ashenzari the Shackled
  4608 | D:4      | Noticed Natasha
  4620 | D:4      | Killed Natasha
  4728 | D:4      | Your scales start taking on a rich purple colour.
  4728 | D:4      | Reached XP level 7. HP: 26/50 MP: 0/10
  4796 | D:4      | Noticed Natasha
  4808 | D:4      | Killed Natasha
  4868 | D:4      | Reached skill level 5 in Polearms
  5323 | D:5      | Entered Level 5 of the Dungeon
  5450 | D:5      | Noticed Sigmund
  5467 | D:5      | Killed Sigmund
  5782 | D:5      | Noticed Eustachio
  5815 | D:5      | Killed Eustachio
  5815 | D:5      | Reached skill level 6 in Polearms
  5926 | D:5      | Reached XP level 8. HP: 37/57 MP: 11/11
  6260 | D:5      | Learned a level 4 spell: Summon Ice Beast
  6373 | D:5      | Noticed Grinder
  6393 | D:5      | Killed Grinder
  6434 | D:5      | Found Fydymp's Distillery.
  6442 | D:5      | Bought a potion of degeneration for 14 gold pieces
  6442 | D:5      | Bought a potion of mutation for 35 gold pieces
  6443 | D:5      | Gained mutation: Your muscles are strong. (Str +2) [potion of mutation]
  6443 | D:5      | Gained mutation: You passively map a small area around you. [potion of mutation]
  6443 | D:5      | Gained mutation: You expend magic power (3 MP) to strengthen your wands. [potion of mutation]
  6839 | D:6      | Reached skill level 7 in Polearms
  7072 | D:6      | Reached * piety under Ashenzari
  7675 | D:7      | Reached skill level 8 in Polearms
  7675 | D:7      | Reached XP level 9. HP: 13/62 MP: 9/12
  7766 | D:7      | Found a flagged portal.
  7779 | Bailey   | Entered a bailey
  8835 | Bailey   | Reached skill level 10 in Summonings
  9646 | D:7      | Found a burning altar of Makhleb.
  9774 | D:8      | Reached skill level 9 in Polearms
 10238 | D:8      | Gained mutation: Your spells are a little harder to cast, but a little more powerful. [mutagenic meat]
 10239 | D:8      | Lost mutation: You expend magic power (3 MP) to strengthen your wands. [mutagenic meat]
 10240 | D:8      | Gained mutation: You are robust. (+10% HP) [mutagenic meat]
 10241 | D:8      | Gained mutation: Your flesh is heat resistant. (rF+) [mutagenic meat]
 10241 | D:8      | Gained mutation: Your tail ends in a poisonous barb. [potion of beneficial mutation]
 10569 | D:8      | Reached skill level 1 in Fighting
 10940 | D:8      | Reached ** piety under Ashenzari
 10948 | D:8      | Found Xixos's Distillery.
 11404 | D:9      | Reached XP level 10. HP: 79/82 MP: 10/13
 11526 | D:9      | Reached skill level 10 in Polearms
 11929 | D:8      | Bought a potion of experience for 700 gold pieces
 11930 | D:8      | Reached XP level 11. HP: 104/104 MP: 14/14
 12061 | D:9      | HP: 5/104 [killer bee (10)]
 13155 | D:9      | Learned a level 4 spell: Summon Lightning Spire
 13819 | D:10     | Entered Level 10 of the Dungeon
 14211 | D:10     | Noticed Sonja
 14382 | D:10     | Reached *** piety under Ashenzari
 14474 | D:10     | Killed Sonja
 14474 | D:10     | Reached skill level 11 in Polearms
 14643 | D:10     | Found a portal to a secret trove of treasure.
 14836 | D:10     | Noticed a hill giant
 14842 | D:10     | Killed a hill giant
 15281 | D:11     | Noticed a skeletal warrior
 15289 | D:11     | Noticed a skeletal warrior
 15325 | D:11     | Killed a skeletal warrior
 15469 | D:11     | Found a staircase to the Orcish Mines.
 15750 | D:11     | Noticed a skeletal warrior
 15750 | D:11     | Noticed a skeletal warrior
 15751 | D:11     | Noticed a skeletal warrior
 15771 | D:11     | Killed a skeletal warrior
 15771 | D:11     | Reached skill level 12 in Polearms
 15785 | D:11     | Found a staircase to the Lair.
 15792 | D:11     | Noticed a centaur warrior
 15792 | D:11     | Noticed a red ugly thing
 16158 | D:11     | Killed a skeletal warrior
 16280 | D:11     | Killed a red ugly thing
 16280 | D:11     | Reached XP level 12. HP: 66/113 MP: 7/16
 17148 | D:11     | Killed a centaur warrior
 17216 | D:11     | Reached **** piety under Ashenzari
 17313 | Lair:1   | Entered Level 1 of the Lair of Beasts
 17583 | Lair:1   | Reached skill level 13 in Polearms
 17596 | Lair:1   | Noticed Prince Ribbit
 17605 | Lair:1   | Killed Prince Ribbit
 18842 | Lair:2   | Noticed a seven-headed hydra
 18847 | Lair:2   | Killed a four-headed hydra
 18847 | Lair:2   | Reached skill level 1 in Evocations
 19319 | Lair:2   | Reached ***** piety under Ashenzari
 20807 | Lair:3   | Reached skill level 14 in Polearms
 21131 | Lair:3   | Found a staircase to the Shoals.
 21846 | Lair:4   | Found a staircase to the Snake Pit.
 22134 | Lair:4   | Noticed Rupert
 22575 | Lair:5   | Noticed a four-headed hydra
 22589 | Lair:5   | Killed a two-headed hydra
 22591 | Lair:5   | Reached XP level 13. HP: 112/118 MP: 6/17
 22700 | Lair:5   | Found a labyrinth entrance.
 22713 | Lab      | Entered a labyrinth
 22715 | Lab      | Reached ****** piety under Ashenzari
 23169 | Lab      | Noticed a minotaur
 23464 | Lab      | Killed a minotaur
 24582 | Lair:6   | Entered Level 6 of the Lair of Beasts
 24793 | Lair:6   | Reached skill level 5 in Evocations
 25585 | Lair:6   | Reached skill level 15 in Polearms
 25744 | Lair:6   | Found a staircase to the Slime Pits.
 25745 | Lair:6   | Found a viscous altar of Jiyva.
 26300 | Lair:6   | HP: 5/118 [death yak (19)]
 27128 | Lair:6   | Reached skill level 1 in Ice Magic
 27376 | Lair:6   | Reached XP level 14. HP: 127/127 MP: 12/19
 27472 | Lair:6   | Reached skill level 1 in Air Magic
 28122 | Lair:6   | Noticed an acid blob
 28132 | Lair:6   | Killed an acid blob
 28351 | Orc:1    | Entered Level 1 of the Orcish Mines
 28564 | Orc:2    | Entered Level 2 of the Orcish Mines
 29219 | Orc:2    | Identified the ring of Myabrid {+Blink rF+ Str+3 SInv}
 29381 | Orc:2    | Found a staircase to the Elven Halls.
 29904 | Orc:2    | Found Dagog's Distillery.
 30209 | Orc:2    | Noticed an orc warlord
 30235 | Orc:2    | Killed an orc warlord
 30817 | Orc:2    | Found a roughly hewn altar of Beogh.
 30857 | Orc:2    | HP: 4/127 [orange demon[an orc high priest] (4)]
 30857 | Orc:2    | Slain by a rust devil

Skill      XL: |  1  2  3  4  5  6  7  8  9 10 11 12 13 14 |
---------------+-------------------------------------------+-----
Summonings     | 5 6 8 9 10 11 12 13 14 | 14.5
Polearms       | 1 2 3 4 6 8 9 10 12 14 15 | 15.5
Fighting       | 2 8 |  8.3
Dodging        | 6 7 |  7.0
Spellcasting   | 3 4 |  4.7
Evocations     | 3 7 8 |  8.5
Ice Magic      | 1 |  1.1
Air Magic      | 2 |  2.8
Stealth        | |  1.7

Action                   |  1- 3 |  4- 6 |  7- 9 | 10-12 | 13-15 || total
-------------------------+-------+-------+-------+-------+-------++-------
Melee: Unarmed           |    86 |     5 |     2 |       |       ||    93
       Tailslap          |    14 |    10 |    29 |    42 |    71 ||   166
       Short sword       |    39 |       |       |       |       ||    39
       Dagger            |    50 |    95 |   197 |       |       ||   342
       Spear             |       |    15 |    16 |       |       ||    31
       Trident           |       |       |     5 |       |       ||     5
       Glaive            |       |       |   149 |   258 |       ||   407
       Halberd           |       |       |    21 |   430 |   712 ||  1163
 Cast: Summon Small Mamm |    36 |       |     2 |       |       ||    38
       Call Imp          |     5 |     9 |    68 |    39 |    14 ||   135
       Call Canine Famil |       |     8 |    48 |    58 |    50 ||   164
       Summon Lightning  |       |       |       |     5 |    19 ||    24
       Summon Ice Beast  |       |       |       |       |    36 ||    36
Invok: Curse Item        |       |       |     2 |     4 |     1 ||     7
 Abil: Breathe Dispellin |       |       |     1 |     4 |     2 ||     7
Evoke: Wand              |       |       |       |     1 |    11 ||    12
  Use: Scroll            |     6 |       |     5 |    13 |     4 ||    28
       Potion            |       |     1 |     8 |     4 |     6 ||    19
 Stab: Distracted        |     3 |     2 |     4 |    13 |     7 ||    29
       Sleeping          |     2 |       |     6 |     7 |     4 ||    19
  Eat: Chunk             |     6 |     7 |    35 |    39 |    34 ||   121
       Royal jelly       |     1 |       |       |       |       ||     1
       Pizza             |       |       |       |     1 |       ||     1
       Fruit             |       |       |       |     5 |    10 ||    15
Armor: Skin              |    70 |    36 |    91 |   126 |    88 ||   411
Dodge: Dodged            |   124 |    60 |   383 |   552 |   411 ||  1530
